 Dungeon Crawl Stone Soup version 0.31-a0-246-g8cbcc1cb85 (webtiles) character file.

Game seed: 16048748261128689517

73 qw the Shooter (level 4, 0/36 HPs)
             Began as a Minotaur Hexslinger on July 12, 2023.
             Slain by a cerulean imp
             ... wielding a +2 spear
             ... summoned by Natasha
              (3 damage)
             ... on level 2 of the Dungeon.
             The game lasted 00:00:29 (1296 turns).

qw the Shooter (Minotaur Hexslinger)                Turns: 1296, Time: 00:00:30

Health: 0/36       AC:  2    Str: 15    XL:     4   Next: 8%
Magic:  4/4        EV: 12    Int: 10    God:
Gold:   109        SH:  0    Dex: 15    Spells: 4/5 levels left

rFire   . . .        Y - +2 sling
rCold   . . .        (no shield)
rNeg    . . .        c - +0 robe
rPois   .            a - +0 hat of Rotation {Contam Regen+ Str+3}
rElec   .            (no cloak)
rCorr   .            (no gloves)
SInv    .            (no boots)
Will    .....        (no amulet)
Stlth   +            (no ring)
HPRegen 1.06/turn    (no ring)
MPRegen 0.09/turn

%: no passive effects
@: about to teleport, slowed, very slow
A: horns 2, retaliatory headbutt
a: no special abilities


You were on level 2 of the Dungeon.
You visited 1 branch of the dungeon, and saw 2 of its levels.

You collected 109 gold pieces.


Innate Abilities, Weirdness & Mutations

You have a pair of horns on your head.
You reflexively headbutt those who attack you in melee.


   Skills:
 - Level 2.0 Fighting
 + Level 4.6 Ranged Weapons
 - Level 2.1 Dodging
 - Level 1.0 Spellcasting
 - Level 2.0 Hexes


You had 4 spell levels left.
You knew the following spells:

 Your Spells              Type           Power      Damage    Failure   Level
a - Slow                  Hex            16%        N/A       16%         1

Your spell library contained the following spells:

 Spells                   Type           Power      Damage    Failure   Level
 Inner Flame              Hex/Fire       2%         N/A       56%         3
 Portal Projectile        Hex/Tloc       4%         N/A       56%         3
 Cause Fear               Hex            2%         N/A       83%         4

Inventory:

Hand Weapons
 Y - a +2 sling (weapon)
Armour
 a - the +0 hat of Rotation (worn) {Contam Regen+ Str+3}
   (You acquired it on level 1 of the Dungeon)

   Str:       It affects your strength (+3).
   Contam:    It causes magical contamination when unequipped.
   Regen:     It increases your rate of health regeneration.
 c - a +0 robe (worn)
 e - a scarf of repulsion
Scrolls
 d - a scroll of teleportation
 f - a scroll of noise {unknown}
Potions
 b - a potion of brilliance {unknown}
 g - a potion of degeneration {unknown}
 h - a potion of curing {unknown}
 i - a potion of haste {unknown}
 j - a potion of ambrosia {unknown}
 k - a potion of mutation {unknown}

Dungeon Overview and Level Annotations

Branches:
Dungeon (2/15)

Altars:

Annotations:
D:2 Natasha


Message History

The sling bullet closely misses Natasha.
Natasha zaps a wand.
The puff of flame misses you.
You shoot a sling bullet. The sling bullet hits Natasha.
Natasha is moderately wounded.
Natasha zaps a wand.
The puff of flame hits you!
1285 ||| FLEEEEING.
Natasha mumbles some strange words.
Natasha shimmers violently.
1286 ||| FLEEEEING.
1287 ||| FLEEEEING.
1288 ||| FLEEEEING.
Natasha wildly gestures.
You feel disoriented.
You shoot a sling bullet. The sling bullet barely misses Natasha.
You shoot a sling bullet. The sling bullet hits Natasha.
Natasha is moderately wounded.
Natasha stares at you and mumbles some strange words.
You feel yourself slow down.
You shoot a sling bullet. The sling bullet hits Natasha.
Natasha is heavily wounded.
Natasha zaps a wand.
The puff of flame hits you!
You shoot a sling bullet.
The sling bullet closely misses Natasha.
Natasha closely misses you.
You shoot a sling bullet. The sling bullet barely misses Natasha.
Natasha zaps a wand.
The puff of flame hits you! Natasha claws you.
You shoot a sling bullet. The sling bullet hits Natasha.
Natasha is severely wounded.
Natasha casts a spell.
Natasha claws you!
You shoot a sling bullet. The sling bullet barely misses Natasha.
The cerulean imp hits you with a +2 spear.
Natasha claws you but does no damage.
1296 ||| READING 2 scrolls of teleportation.
As you read the scroll of teleportation, it crumbles to dust.
You feel strangely unstable.
Natasha stares at you and mumbles some strange words.
The magic dart hits you!
The cerulean imp hits you with a +2 spear.
You die...

..............# ..............#
..............#
..............#####
.#.#..............#
.#.#..............###############
..................'..............
...#.....[.....5..###############
...#.#########..@..........#
.......# #...h.........# .....#.#
#.............#
######.#######.............#
..............[............#
.#.....#######.............######
.#.###########...................
.#.# #........................
.#.# #.........###............


You could see Natasha and a cerulean imp (summoned).

Vanquished Creatures
  Natasha (D:2)
  An adder (D:2)
  A worm (D:2)
  3 dart slugs
  3 goblins (D:1)
  3 hobgoblins
  5 jackals (D:1)
  5 kobolds
  A quokka (D:2)
  4 bats
  A frilled lizard (D:2)
  A rat (D:1)
29 creatures vanquished.

Notes
Turn   | Place    | Note
-------+----------+-------------------------------------------
     0 | D:1      | qw the Minotaur Hexslinger began the quest for the Orb.
     0 | D:1      | Reached XP level 1. HP: 16/16 MP: 1/1
     0 | D:1      | 0 ||| qw: Version: 0.3-a-52-g30416fa
     0 | D:1      | 0 ||| qw: Game counter: 6237
     0 | D:1      | 0 ||| qw: Melee chars always use a shield: true
     0 | D:1      | 0 ||| qw: God list: Okawaru
     0 | D:1      | 0 ||| qw: Allow faded altars: false
     0 | D:1      | 0 ||| qw: Do Orc after clearing Dungeon:15 true
     0 | D:1      | 0 ||| qw: Do second Lair branch before Depths: true
     0 | D:1      | 0 ||| qw: Lair rune preference: random
     0 | D:1      | 0 ||| qw: Goals: Normal
     0 | D:1      | 0 ||| PLANNING D:1-11
   212 | D:1      | Reached skill level 3 in Ranged Weapons
   214 | D:1      | Reached XP level 2. HP: 23/23 MP: 2/2
   738 | D:1      | 738 ||| READING scroll labelled KUAPOHIOXER.
   739 | D:1      | 739 ||| READING scroll labelled DUBROA KIONNUA.
   739 | D:1      | Identified a scroll of acquirement
   739 | D:1      | 739 ||| ACQUIRING +0 hat of Rotation {Contam Regen+ Str+3}
   739 | D:1      | Acquired the +0 hat of Rotation {Contam Regen+ Str+3}
   741 | D:1      | 741 ||| UPGRADING to +0 hat of Rotation {Contam Regen+
                  | Str+3}.
   746 | D:1      | 746 ||| READING scroll labelled EGUKHOSEOL.
   747 | D:1      | 747 ||| READING scroll labelled SIFYLIDD SAWU.
   751 | D:1      | 751 ||| READING scroll labelled LIEMUI XUARCHEO.
   752 | D:1      | 752 ||| READING scroll labelled YXEURE UFFADGHU.
   753 | D:1      | 753 ||| READING scroll labelled QARECO NOMAO.
   754 | D:1      | 754 ||| DROPPING scroll of poison.
   963 | D:2      | 963 ||| FLEEEEING.
   964 | D:2      | 964 ||| FLEEEEING.
  1000 | D:2      | Reached XP level 3. HP: 29/29 MP: 3/3
  1072 | D:2      | Reached skill level 4 in Ranged Weapons
  1110 | D:2      | Found a faded altar of an unknown god.
  1139 | D:2      | Noticed Natasha
  1140 | D:2      | 1140 ||| Stepping ~*~*~tactically~*~*~ (outnumbered).
  1142 | D:2      | 1142 ||| Stepping ~*~*~tactically~*~*~ (outnumbered).
  1148 | D:2      | Killed Natasha
  1149 | D:2      | Reached XP level 4. HP: 36/36 MP: 4/4
  1279 | D:2      | Noticed Natasha
  1282 | D:2      | 1282 ||| FLEEEEING.
  1285 | D:2      | 1285 ||| FLEEEEING.
  1286 | D:2      | 1286 ||| FLEEEEING.
  1287 | D:2      | 1287 ||| FLEEEEING.
  1288 | D:2      | 1288 ||| FLEEEEING.
  1295 | D:2      | HP: 9/36 [cerulean imp/+2 spear[Natasha] (4)]
  1296 | D:2      | 1296 ||| READING 2 scrolls of teleportation.
  1296 | D:2      | HP: 3/36 [Natasha/magic dart (7)]
  1296 | D:2      | Slain by a cerulean imp

Levels and vault maps discovered:
D:1:      roderic_chinese_lattice_arrival, layout_loops_ring, minivault_11,
          minmay_ruptured
D:2:      layout_basic, shapermc_ecumenical_altar_venn, uniq_natasha

Skill      XL: |  1  2  3 |
---------------+----------+-----
Ranged Weapons | 3 4 |  4.6
Fighting       | 2 |  2.0
Dodging        | |  2.1
Spellcasting   | |  1.0
Hexes          | |  2.0

Action                     |  1- 3 |  4- 6 || total
---------------------------+-------+-------++-------
   Fire: Sling             |    90 |    13 ||   103
    Use: Scroll            |     7 |     1 ||     8
 Armour: Robe              |     9 |     1 ||    10
  Dodge: Dodged            |    24 |     2 ||    26

Table legend:
 A = Non-vault XP
 B = Vault XP
 C = Vault XP percentage of total XP
 D = Non-vault monster count
 E = Vault monster count
 F = Vault count percentage of total count
                 A         B        C        D         E       F
            +---------+---------+-------+---------+---------+-------
      Total |      64 |      41 |  39.0 |      25 |       4 |  13.8
            +---------+---------+-------+---------+---------+-------
        D:1 |      25 |       6 |  19.4 |      13 |       3 |  18.8
        D:2 |      39 |      35 |  47.3 |      12 |       1 |   7.7
            +---------+---------+-------+---------+---------+-------
